 Dungeon Crawl Stone Soup version 0.29-a0-582-ge82337ba6a (webtiles) character file.

Game seed: 1950950696861040921

514 vineage the Fighter (level 7, -2/50 HPs)
             Began as a Gargoyle Fighter on June 14, 2022.
             Slain by a centaur
             ... wielding a +0 spear
              (5 damage)
             ... on level 5 of the Dungeon.
             The game lasted 00:04:16 (3492 turns).

vineage the Fighter (Gargoyle Fighter)              Turns: 3492, Time: 00:04:17

Health: -2/50      AC: 21    Str: 20    XL:     7   Next: 20%
Magic:  7/7        EV:  6    Int:  8    God:
Gold:   170        SH:  4    Dex: 11    Spells: 6/6 levels left

rFire   + . .      SeeInvis .   o - +0 morningstar
rCold   + . .      Faith    .   c - +0 buckler
rNeg    + . .      Spirit   .   l - +2 gold dragon scales
rPois   ∞          Reflect  .   (no helmet)
rElec   +          Harm     .   (no cloak)
rCorr   .          Rampage  .   p - +0 pair of gloves
Will    .....                   (no boots)
Stlth   ..........              (no amulet)
HPRegen 0.16/turn               k - +4 ring of evasion
MPRegen 0.10/turn               (no ring)

@: brilliant
A: sickness immunity, AC +4, negative energy resistance 1, electricity
resistance, torment resistance 1, petrification resistance
a: no special abilities


You were on level 5 of the Dungeon.
You visited 1 branch of the dungeon, and saw 5 of its levels.

You collected 170 gold pieces.

Inventory:

Hand Weapons
 a - a +1 flail
 o - a +0 morningstar (weapon)
Armour
 b - a +0 scale mail
 c - a +0 buckler (worn)
 l - +2 gold dragon scales (worn)
 p - a +0 pair of gloves (worn)
Jewellery
 k - a +4 ring of evasion (left hand)
 r - a ring of willpower
 s - a ring of wizardry
Wands
 m - a wand of polymorph (2)
Scrolls
 h - 2 scrolls of fog
 j - 2 scrolls of teleportation
 n - a scroll of identify
Potions
 e - a potion of haste
 f - a potion of heal wounds {unknown}
 g - a potion of mutation {unknown}
 i - 2 potions of attraction


   Skills:
 * Level 8.8 Fighting
 - Level 2.0 Maces & Flails
 - Level 3.2 Armour
 - Level 3.2 Shields


You had 6 spell levels left.
You didn't know any spells.
Your spell library contained the following spells:

 Spells                   Type           Power      Damage    Failure   Level
 Freeze                   Ice            0%         1d3       100%        1
 Frozen Ramparts          Ice            0%         1d2       100%        3
 Hailstorm                Conj/Ice       0%         3d3       100%        4
 Fireball                 Conj/Fire      0%         3d3       100%        5
 Starburst                Conj/Fire      0%         6d3       100%        6
 Ignition                 Fire           0%         3d3       100%        8


Dungeon Overview and Level Annotations

Branches:
Dungeon (5/15)
 Temple: D:4-7

Altars:
Ashenzari
Sif Muna
Trog
Wu Jian
Xom
Zin

Shops:
D:3 (   D:4 ::


Innate Abilities, Weirdness & Mutations

You are immune to sickness and miasma.
Your stone body is resilient. (AC +4)
You are immune to poison.
You resist negative energy. (rN+)
You are resistant to electric shocks. (rElec)
You are resistant to unholy torment.
You are immune to petrification.


Message History

The water moccasin bites you but does no damage.
You closely miss the water moccasin.
The water moccasin is almost dead.
The water moccasin bites you but does no damage. x2
You barely miss the water moccasin.
The water moccasin is almost dead.
You block the water moccasin's attack. The water moccasin bites you.
* * * LOW HITPOINT WARNING * * *
You barely miss the water moccasin.
The water moccasin is almost dead.
The water moccasin bites you.
* * * LOW HITPOINT WARNING * * *
The water moccasin bites you.
* * * LOW HITPOINT WARNING * * *
You miss the water moccasin.
The water moccasin is severely wounded.
The water moccasin bites you but does no damage. x2
You hit the water moccasin.
You kill the water moccasin!
The centaur shoots an arrow.
The arrow hits you but does no damage.
The centaur shoots an arrow.
You block the arrow.
You have reached level 7!
The centaur unwields a +0 shortbow.
The centaur wields a +0 spear.
The centaur hits you with a +0 spear.
* * * LOW HITPOINT WARNING * * *
The centaur kicks you but does no damage.
Things that are here:
a +0 whip; a +0 leather armour; a necrophage corpse You puncture the centaur!
The centaur is moderately wounded.
The centaur hits you with a +0 spear.
* * * LOW HITPOINT WARNING * * *
The centaur barely misses you.
The centaur hits you but does no damage.
The centaur kicks you but does no damage.
It was a potion of brilliance.
You feel clever all of a sudden.
The centaur hits you but does no damage.
The centaur barely misses you. The centaur hits you with a +0 spear.
You die...

(...# ....#.# ...#.#
####..#.# #.....#.#
###.#...#.#.# ... #
...#...#.#.# ....
##.###.#.#.#.#.##....
#....@c..#...#......
#....#####..##.##....#
#.. #.#.$#..#....#.# #
#o#.#.##.#....#.# #!#
##.##......#.# #!.
.###.)####.## #.#
#.###.)....... #.#
#.....÷.....^. ..#
#...####.......


You could see a centaur.

Vanquished Creatures
  A water moccasin (D:5)
  An ice beast (D:5)
  A necrophage (D:5)
  A jelly (D:5)
  Ijyb (D:3)
  2 orc wizards (D:5)
  6 adders
  A shadow imp (D:5)
  A worm (D:2)
  5 dart slugs
  4 orcs (D:5)
  3 ball pythons
  8 bats
  3 endoplasms
  4 giant cockroaches
  6 goblins
  8 hobgoblins
  10 jackals
  A quokka (D:2)
  3 frilled lizards
  3 kobolds
  A rat (D:1)
74 creatures vanquished.

Vanquished Creatures (others)
  A bush (D:1)
  2 plants (D:1)
3 creatures vanquished.

Grand Total: 77 creatures vanquished

Notes
Turn   | Place    | Note
-------+----------+-------------------------------------------
     0 | D:1      | vineage the Gargoyle Fighter began the quest for the Orb.
     0 | D:1      | Reached XP level 1. HP: 14/14 MP: 1/1
   189 | D:1      | Reached XP level 2. HP: 13/20 MP: 2/2
   235 | D:1      | Reached skill level 4 in Fighting
   597 | D:1      | Reached XP level 3. HP: 19/24 MP: 3/3
  1137 | D:2      | Reached skill level 5 in Fighting
  1182 | D:2      | Found a faded altar of an unknown god.
  1235 | D:2      | Identified the +4 scale mail "Wistret" {rC- Will+ Int+5}
  1583 | D:2      | Reached XP level 4. HP: 31/31 MP: 4/4
  1670 | D:2      | Found a bloodstained altar of Trog.
  1744 | D:3      | Noticed Ijyb
  1755 | D:3      | Killed Ijyb
  1843 | D:3      | Found an ornate altar of the Wu Jian Council.
  1949 | D:3      | Found Pise's Weapon Shoppe.
  2184 | D:3      | Reached skill level 6 in Fighting
  2381 | D:3      | Reached XP level 5. HP: 34/36 MP: 5/5
  2506 | D:3      | Found a glowing silver altar of Zin.
  2695 | D:4      | Found a shimmering altar of Xom.
  2731 | D:4      | Found a broken altar of Ashenzari.
  2865 | D:4      | Found Otiecs's Book Shop.
  2900 | D:4      | Found Udonoved's Book Emporium.
  3072 | D:4      | Found a shimmering blue altar of Sif Muna.
  3136 | D:5      | Entered Level 5 of the Dungeon
  3289 | D:5      | Reached skill level 7 in Fighting
  3431 | D:5      | Noticed an ice beast
  3432 | D:5      | Reached XP level 6. HP: 44/44 MP: 6/6
  3436 | D:5      | Noticed a water moccasin
  3459 | D:5      | Killed an ice beast
  3460 | D:5      | Reached skill level 8 in Fighting
  3489 | D:5      | Killed a water moccasin
  3490 | D:5      | Reached XP level 7. HP: 11/50 MP: 7/7
  3492 | D:5      | Slain by a centaur

Illustrated notes

Levels and vault maps discovered:
D:1:      minmay_arrival_hallway, layout_rooms, serial_forest,
          infiniplex_forest_end_2, infiniplex_forest_corner_1,
          infiniplex_forest_clump_small, infiniplex_forest_clump_curved,
          infiniplex_forest_straight_5, chequers_serial_rivers_micro_a,
          minivault_4
D:2:      layout_basic, shapermc_ecumenical_altar_mp_ritualfount, basic_altar
D:3:      layout_loops_corners, pdpol_wu_jian_five_deadly_venoms, zin_treasury,
          serial_shops, nicolae_shop_trees, uniq_ijyb
D:4:      layout_cave_pools, mainiacjoe_overflow_cross_hatched,
          mainiacjoe_overflow_chevrons, ashenzari_conservatory_becter,
          serial_shops, shop, nicolae_diamond_shop
D:5:      layout_basic, serial_shops, nicolae_shop_hallway_stairs,
          gup_sewer_entry_glass, chequers_serial_rivers_large_b, minmay_circle_x

Skill      XL: |  1  2  3  4  5  6 |
---------------+-------------------+-----
Fighting       | 4 5 6 7 8 |  8.8
Maces & Flails | |  2.0
Armour         | |  3.2
Shields        | |  3.2

Action                   |  1- 3 |  4- 6 |  7- 9 || total
-------------------------+-------+-------+-------++-------
Melee: Flail             |   141 |    93 |       ||   234
       Unarmed           |       |     8 |       ||     8
       Morningstar       |       |    55 |     1 ||    56
  Use: Potion            |       |     2 |     1 ||     3
       Scroll            |       |    10 |       ||    10
Armor: Scale mail        |    96 |       |       ||    96
       Gold dragon scale |    12 |   130 |     4 ||   146
       Skin              |       |     5 |       ||     5
Dodge: Dodged            |   103 |    58 |     2 ||   163
Block: Buckler           |    36 |    33 |       ||    69

Table legend: (Time is in decaauts)
 A = Elapsed time spent in this place.
 B = Non-inter-level travel time spent in this place.
 C = Inter-level travel time spent in this place.
 D = Time resting spent in this place.
 E = Time spent auto-exploring this place.
 F = Levels seen in this place.
 G = Mean time per level.
                   A        B        C        D        E       F      G
               +--------+--------+--------+--------+--------+-----+--------+
         Total |   3594 |   3506 |     88 |      0 |   2823 |   5 |  718.8 |
       Dungeon |   3594 |   3506 |     88 |      0 |   2823 |   5 |  718.8 |
               +--------+--------+--------+--------+--------+-----+--------+

Top non-repeatable levels by time:
     D:1: 1107 daAuts
     D:3: 944 daAuts
     D:2: 688 daAuts
     D:4: 466 daAuts
     D:5: 387 daAuts
